 Dungeon Crawl Stone Soup version 0.21-a0-516-gaaff437 (webtiles) character file.

15 4thArraOfDagon the Skirmisher (level 2, 0/27 HPs)
             Began as a Minotaur Abyssal Knight on Dec 3, 2017.
             Was a Follower of Lugonu.
             Slain by a kobold
             ... wielding a +0 short sword
              (1 damage)
             ... on level 2 of the Dungeon.
             The game lasted 00:00:58 (182 turns).

4thArraOfDagon the Skirmisher (MiAK)                 Turns: 182, Time: 00:00:59

Health: 0/27       AC:  3    Str: 16    XL:     2   Next: 34%
Magic:  2/2        EV: 11    Int:  9    God:    Lugonu [*.....]
Gold:   4          SH:  0    Dex:  9    Spells: 1/1 levels left

rFire    . . .     SeeInvis .   f - +0 war axe
rCold    . . .     Gourm    .   (no shield)
rNeg     . . .     Faith    .   b - +0 leather armour
rPois    .         Spirit   .   (helmet restricted)
rElec    .         Reflect  .   (no cloak)
rCorr    .         Harm     .   (no gloves)
MR       .....                  (no boots)
Stlth    +.........             (no amulet)
HPRegen  0.09/turn              (no ring)
MPRegen  0.08/turn              (no ring)

@: no status effects
A: retaliatory headbutt, horns 2
a: Depart the Abyss, Renounce Religion


You were on level 2 of the Dungeon.
You worshipped Lugonu.
Lugonu was aware of your devotion.
You were not hungry.

You visited 1 branch of the dungeon, and saw 2 of its levels.
You visited the Abyss 1 time.

You collected 4 gold pieces.

Inventory:

Hand Weapons
 a - a +1 hand axe
 f - a +0 war axe (weapon)
Armour
 b - a +0 leather armour (worn)
Scrolls
 d - a scroll of blinking {unknown}
 e - a scroll of immolation {unknown}
Comestibles
 c - a bread ration


   Skills:
 + Level 3.8 Fighting
 * Level 2.9 Axes
 + Level 2.7 Armour
 + Level 1.4 Dodging
 + Level 2.0 Invocations


You had one spell level left.
You didn't know any spells.

Dungeon Overview and Level Annotations

Branches:
Dungeon (2/15)

Altars:


Innate Abilities, Weirdness & Mutations

You reflexively headbutt those who attack you in melee.
You have a pair of horns on your head.


Message History

The kobold shouts!
You slash the kobold!
You kill the kobold!
Lugonu accepts your kill.
A quokka comes into view.
Things that are here:
2 stones; a war axe Unknown command.
f - a war axe Wield which item (- for none, * to show all)? (? for menu, Esc to quit)
f - a +0 war axe (weapon)
Unknown command.
You barely miss the kobold. The kobold barely misses you.
The kobold hits you with a short sword.
* * * LOW HITPOINT WARNING * * *
Unknown command.
You barely miss the kobold. The quokka bites you.
* * * LOW HITPOINT WARNING * * *
The kobold hits you with a short sword.
You die...

#. ..#
###.####)#
#........#
#........#
#........###
........... .>
#.....Kr.###....
#......@.)......
#.......(###....
#.......(###..$.
#.......<.......
................
###.$....(....$.
##############


You could see a quokka and a kobold.

Vanquished Creatures
  An ooze (D:1)
  A leopard gecko (D:1)
  A giant cockroach (D:1)
  3 goblins
  A kobold (D:2)
  A bat (D:1)
  A frilled lizard (D:1)
9 creatures vanquished.

Notes
Turn   | Place    | Note
-------+----------+-------------------------------------------
     0 | Abyss:1  | 4thArraOfDagon the Minotaur Abyssal Knight began the quest for the Orb.
     0 | Abyss:1  | Reached XP level 1. HP: 19/19 MP: 1/1
    34 | Abyss:1  | Noticed a smoke demon
    47 | Abyss:1  | Noticed a wretched star
    52 | D:1      | Escaped the Abyss
    94 | D:1      | Reached * piety under Lugonu
    94 | D:1      | Reached XP level 2. HP: 6/27 MP: 2/2
   182 | D:2      | HP: 1/27 [quokka (2)]
   182 | D:2      | Slain by a kobold

Vault maps used:
D:1:      minmay_arrival_arboretum_small
D:2:      fedhas_altar_4, xom_teletrap_fun, led_sif_pool,
          kennysheep_generic_room_11

Skill      XL: |  1  2 |
---------------+-------+-----
Invocations    | 2 |  2.0
Fighting       | |  3.8
Axes           | |  2.9
Armour         | |  2.7
Dodging        | |  1.4

Action                   || total
-------------------------++-------
Melee: Hand axe          ||    21
       War axe           ||     2
       Headbutt          ||     1
Invok: Depart the Abyss  ||     1
Armor: Leather armour    ||     5
Dodge: Dodged            ||    10

Table legend:
 A = Spawn XP
 B = Non-spawn XP
 C = Spawn XP percentage of total XP
 D = Spawn monster count
 E = Non-spawn monster count
 F = Spawn count percentage of total count
 G = Total turns spent on level
                    A         B        C        D         E        F      G
               +---------+---------+-------+---------+---------+-------+---------
         Total |       0 |      22 |   0.0 |       0 |       9 |   0.0 |   182
               +---------+---------+-------+---------+---------+-------+---------
           D:1 |       0 |      18 |   0.0 |       0 |       7 |   0.0 |   115
           D:2 |       0 |       4 |   0.0 |       0 |       2 |   0.0 |    15
               +---------+---------+-------+---------+---------+-------+---------
